 Dungeon Sprint DCSS version 0.22.2-1-ge965b3a (webtiles) character file.

12100000 Fang the Conqueror (level 27, -11/249 HPs)
             Began as a Demonspawn Gladiator on June 6, 2019.
             Was the Champion of Makhleb.
             Killed by divine providence
             ... invoked by an accursed
              (13 damage)
             ... in the Dungeon (Sprint VIII: "Arena of Blood").
             The game lasted 00:02:24 (121 turns).

Fang the Conqueror (Demonspawn Gladiator)            Turns: 121, Time: 00:02:24

Health: -11/249    AC:  8    Str: 25    XL:     27
Magic:  43/54      EV: 36    Int: 12    God:    Makhleb [******]
Gold:   0          SH:  0    Dex: 15    Spells: 80/80 levels left

rFire    . . .     SeeInvis .   l - +∞ Axe of Woe
rCold    + . .     Gourm    .   (shield currently unavailable)
rNeg     + . .     Faith    .   b - +0 leather armour
rPois    .         Spirit   .   c - +0 helmet
rElec    .         Reflect  .   (no cloak)
rCorr    .         Harm     .   (no gloves)
MR       ++...     NoTele   +   (boots unavailable)
Stlth    +++++++++.             (no amulet)
HPRegen  11.51/turn             (no ring)
MPRegen  0.34/turn              (no ring)

@: marked, repel missiles
A: hooves 3, repulsion field 3, cold resistance 1, icemail, negative energy
resistance 1, powered by death 3, 50% torment resistance, black mark, freezing
cloud immunity
a: Minor Destruction, Lesser Servant of Makhleb, Major Destruction, Greater
Servant of Makhleb, Renounce Religion


You were in the Dungeon.
You worshipped Makhleb.
Makhleb was exalted by your worship.
You were not hungry.

You visited 1 branch

Inventory:

Hand Weapons
 a - a +0 war axe
 l - the +∞ Axe of Woe (weapon)
   (You found it in the Dungeon)
Missiles
 d - 3 throwing nets (quivered)
Armour
 b - a +0 leather armour (worn)
 c - a +0 helmet (worn)
Scrolls
 k - a scroll of blinking
Potions
 g - a potion of heal wounds
 h - a potion of haste
 i - 2 potions of magic
 j - a potion of berserk rage
Comestibles
 f - a ration


   Skills:
 O Level 27 Fighting
 O Level 27 Axes
 O Level 27 Throwing
 O Level 27 Armour
 O Level 27 Dodging
 O Level 27 Stealth
 O Level 27 Unarmed Combat
 O Level 27 Spellcasting
 O Level 27 Invocations


You had 80 spell levels left.
You didn't know any spells.
Your spell library was empty.

Dungeon Overview and Level Annotations

Branches:
Dungeon (1/1)

Altars:
Makhleb

Annotations:
D The Defiler, The Servant


Innate Abilities, Weirdness & Mutations

You have hooves in place of feet.
You are surrounded by a strong repulsion field. (EV +4, RMsl)
Your flesh is cold resistant. (rC+)
A meltable icy envelope protects you from harm. (AC +0)
You resist negative energy. (rN+)
You regenerate a lot of health from kills.
You are somewhat able to resist unholy torments (1 in 2 success).
Your melee attacks may debilitate your foes.
You are immune to freezing clouds.


Message History

The accursed points at you and mumbles some strange words.
Something smites you!
* * * LOW HITPOINT WARNING * * *
The tyrant mumbles some strange words.
A scourge comes into view.
The accursed points at you and mumbles some strange words.
Something smites you!
* * * LOW HITPOINT WARNING * * *
You hear a shout!
The meat berserker rages.
The destroyer blinks!
The accursed points at you and mumbles some strange words.
Something smites you!
* * * LOW HITPOINT WARNING * * *
The accursed points at you and mumbles some strange words.
Something smites you!
* * * LOW HITPOINT WARNING * * *
The accursed gestures at you while chanting.
Something smites you!
You die... ........... ..... ....o.M.. ....D.. #..o§o.V# ....D.. #..oOoox#

....... .###..
MOO2###.M.....
..%...###.%o.D.S.....
......)_O)OW)MM.§%...
....#..)§§#OW))§.§#.#
. #_.<§§#@zDX§.....
#.%.§)#W§oX§.#.#.
...%._2LXMXooo.....
......###LLoOooX..#.#
.###.. .XOX###ooXX...
#...DoX.# o@L....
#..O....# .XXo...
..S...... ......o
......


You could see 5 accurseds, a tentacled monstrosity, a meat beast, 3 tyrants, 5
eight-headed meat hydras, a destroyer, 2 scourges, a sculptor of flesh, 4 large
bags of meat, 11 large abominations, The Defiler, 3 dreads, 4 meat berserkers, a
small abomination and 18 bags of meat.

Vanquished Creatures
  Sigmund (D)
  14 hell beasts (D)
  3 greater mummies (D)
  A great orb of eyes (D)
  5 wraiths (D)
  22 vampire knights (D)
  49 ogres (D)
  8 two-headed ogres (D)
  7 liches (D)
  2 hydras (D)
  83 orcs (D)
  8 phantoms (D)
  6 skeletal warriors (D)
  A sea snake (D)
  14 large abominations (D)
  8 small abominations (D)
  14 crawling corpses (D)
246 creatures vanquished.

Vanquished Creatures (others)
  2 orcs (D)
  4 crawling corpses (D)
6 creatures vanquished.

Grand Total: 252 creatures vanquished

Notes
Turn   | Place    | Note
-------+----------+-------------------------------------------
     0 | D        | Found the +∞ Axe of Woe
     0 | D        | Fang the Demonspawn Gladiator began the quest for the Orb.
     0 | D        | Reached XP level 1. HP: 16/16 MP: 1/1
     2 | D        | Noticed a meat berserker
     2 | D        | Noticed a bag of meat
     3 | D        | Noticed a meat berserker
     4 | D        | Became a worshipper of Makhleb the Destroyer
     4 | D        | Noticed a bag of meat
     5 | D        | Noticed a bag of meat
     6 | D        | Killed a meat berserker
     6 | D        | Reached skill level 15 in Axes
     6 | D        | Reached skill level 15 in Throwing
     6 | D        | Reached skill level 15 in Dodging
     6 | D        | Gained mutation: You regenerate a little health from kills.
                  | [demonic ancestry]
     6 | D        | Reached XP level 2. HP: 46/46 MP: 2/2
     6 | D        | Reached XP level 3. HP: 52/52 MP: 3/3
     6 | D        | Gained mutation: Your flesh is cold resistant. (rC+)
                  | [demonic ancestry]
     6 | D        | Reached XP level 4. HP: 59/59 MP: 4/4
     6 | D        | Reached XP level 5. HP: 66/66 MP: 5/5
     6 | D        | Gained mutation: You are surrounded by a mild repulsion
                  | field. (EV +2) [demonic ancestry]
     6 | D        | Reached XP level 6. HP: 73/73 MP: 6/6
     6 | D        | Reached XP level 7. HP: 79/79 MP: 7/7
     6 | D        | Reached XP level 8. HP: 86/86 MP: 8/8
     6 | D        | Reached XP level 9. HP: 92/92 MP: 9/9
     6 | D        | Gained mutation: You have large cloven feet. [demonic
                  | ancestry]
     6 | D        | Reached XP level 10. HP: 100/100 MP: 10/10
     6 | D        | Reached XP level 11. HP: 106/106 MP: 11/11
     6 | D        | Gained mutation: You have hoof-like feet. [demonic
                  | ancestry]
     6 | D        | Reached XP level 12. HP: 113/113 MP: 12/12
     6 | D        | Gained mutation: You have hooves in place of feet. [demonic
                  | ancestry]
     6 | D        | Reached XP level 13. HP: 119/119 MP: 13/13
     6 | D        | Noticed a meat berserker
     7 | D        | Killed a meat berserker
     7 | D        | Reached * piety under Makhleb
     7 | D        | Gained mutation: You resist negative energy. (rN+) [demonic
                  | ancestry]
     7 | D        | Reached XP level 14. HP: 66/133 MP: 14/14
     7 | D        | Noticed a meat berserker
     7 | D        | Noticed a meat berserker
     7 | D        | Noticed a bag of meat
     9 | D        | Killed a bag of meat
     9 | D        | Killed a meat berserker
     9 | D        | Gained mutation: You are immune to freezing clouds.
                  | [demonic ancestry]
     9 | D        | Reached XP level 15. HP: 146/146 MP: 15/15
    10 | D        | Reached ** piety under Makhleb
    10 | D        | Reached XP level 16. HP: 157/157 MP: 16/16
    10 | D        | Noticed a meat berserker
    10 | D        | Noticed a meat berserker
    11 | D        | Killed a meat berserker
    11 | D        | Reached *** piety under Makhleb
    11 | D        | Gained mutation: You are surrounded by a moderate repulsion
                  | field. (EV +3) [demonic ancestry]
    11 | D        | Reached XP level 17. HP: 169/169 MP: 17/17
    12 | D        | Killed a meat berserker
    13 | D        | Killed a meat berserker
    13 | D        | Reached skill level 27 in Fighting
    13 | D        | Gained mutation: You are surrounded by a strong repulsion
                  | field. (EV +4, RMsl) [demonic ancestry]
    13 | D        | Reached XP level 18. HP: 182/182 MP: 18/18
    16 | D        | Killed a meat berserker
    16 | D        | Reached **** piety under Makhleb
    16 | D        | Reached skill level 27 in Axes
    16 | D        | Reached skill level 27 in Throwing
    16 | D        | Reached skill level 27 in Dodging
    16 | D        | Reached skill level 10 in Armour
    16 | D        | Reached skill level 10 in Unarmed Combat
    16 | D        | Reached skill level 10 in Spellcasting
    16 | D        | Reached XP level 19. HP: 189/189 MP: 18/33
    17 | D        | Reached ***** piety under Makhleb
    19 | D        | Reached skill level 15 in Stealth
    21 | D        | Reached skill level 15 in Armour
    21 | D        | Reached skill level 15 in Unarmed Combat
    21 | D        | Reached skill level 15 in Spellcasting
    22 | D        | Noticed a destroyer
    24 | D        | Noticed a destroyer
    24 | D        | Noticed a large bag of meat
    24 | D        | Noticed a large bag of meat
    25 | D        | Killed a destroyer
    25 | D        | Gained mutation: You regenerate health from kills. [demonic
                  | ancestry]
    25 | D        | Reached XP level 20. HP: 197/197 MP: 19/42
    25 | D        | Killed a large bag of meat
    25 | D        | Killed a destroyer
    25 | D        | Reached skill level 27 in Invocations
    25 | D        | Gained mutation: You are somewhat able to resist unholy
                  | torments (1 in 2 success). [demonic ancestry]
    25 | D        | Reached XP level 21. HP: 204/204 MP: 19/46
    26 | D        | Noticed a large bag of meat
    26 | D        | Noticed a large bag of meat
    27 | D        | Killed a large bag of meat
    27 | D        | Reached ****** piety under Makhleb
    29 | D        | Killed a large bag of meat
    31 | D        | Reached skill level 27 in Stealth
    31 | D        | Gained mutation: Your melee attacks may debilitate your
                  | foes. [demonic ancestry]
    31 | D        | Reached XP level 22. HP: 212/212 MP: 21/51
    33 | D        | Killed a large bag of meat
    33 | D        | Reached skill level 27 in Armour
    33 | D        | Reached skill level 27 in Unarmed Combat
    33 | D        | Reached skill level 27 in Spellcasting
    34 | D        | Noticed a destroyer
    35 | D        | Reached XP level 23. HP: 202/219 MP: 22/54
    35 | D        | Noticed a destroyer
    35 | D        | Noticed a destroyer
    36 | D        | Noticed a destroyer
    36 | D        | Noticed a destroyer
    37 | D        | Noticed a destroyer
    39 | D        | Gained mutation: You regenerate a lot of health from kills.
                  | [demonic ancestry]
    39 | D        | Reached XP level 24. HP: 227/227 MP: 23/54
    39 | D        | Noticed a destroyer
    41 | D        | Noticed a destroyer
    42 | D        | Killed a destroyer
    43 | D        | Killed a destroyer
    43 | D        | Gained mutation: A meltable icy envelope protects you from
                  | harm. (AC +0) [demonic ancestry]
    43 | D        | Reached XP level 25. HP: 234/234 MP: 24/54
    43 | D        | Killed a destroyer
    43 | D        | Noticed a destroyer
    44 | D        | Killed a destroyer
    44 | D        | Reached XP level 26. HP: 242/242 MP: 24/54
    47 | D        | Killed a destroyer
    47 | D        | Reached XP level 27. HP: 249/249 MP: 25/54
    47 | D        | Noticed a destroyer
    48 | D        | Killed a destroyer
    48 | D        | Noticed a destroyer
    49 | D        | Noticed an accursed
    50 | D        | Killed an accursed
    50 | D        | Noticed a large bag of meat
    50 | D        | Noticed a destroyer
    51 | D        | Killed a destroyer
    52 | D        | Killed a destroyer
    52 | D        | Noticed a destroyer
    53 | D        | Killed a destroyer
    53 | D        | Noticed a destroyer
    54 | D        | Killed a destroyer
    54 | D        | Killed a destroyer
    54 | D        | Noticed a destroyer
    56 | D        | Killed a destroyer
    56 | D        | Noticed a large bag of meat
    58 | D        | HP: 9/249 [destroyer/+9 great sword of slicing (9)]
    59 | D        | Killed a destroyer
    60 | D        | Noticed a tyrant
    61 | D        | Killed a destroyer
    61 | D        | Noticed a tyrant
    62 | D        | Noticed a dread
    63 | D        | Noticed a tyrant
    64 | D        | Killed a destroyer
    65 | D        | Noticed a destroyer
    66 | D        | Killed a large bag of meat
    71 | D        | Killed a large bag of meat
    71 | D        | Noticed a dread
    72 | D        | Killed a dread
    72 | D        | Noticed The Captor
    73 | D        | Noticed a dread
    74 | D        | Noticed a destroyer
    75 | D        | Killed a tyrant
    75 | D        | Noticed a meat beast
    76 | D        | Noticed a meat beast
    76 | D        | Noticed a destroyer
    78 | D        | Killed a tyrant
    79 | D        | Killed a meat beast
    80 | D        | Killed a destroyer
    81 | D        | Killed a tyrant
    81 | D        | Killed a meat beast
    83 | D        | Killed a destroyer
    83 | D        | Killed a destroyer
    84 | D        | Noticed a meat beast
    84 | D        | Noticed a meat beast
    85 | D        | Noticed an accursed
    85 | D        | Noticed The Servant
    85 | D        | Noticed a dread
    86 | D        | Killed a dread
    86 | D        | Killed a dread
    88 | D        | Killed a meat beast
    88 | D        | Noticed a destroyer
    88 | D        | Noticed a meat beast
    89 | D        | Killed a meat beast
    90 | D        | Noticed a meat beast
    91 | D        | Killed a meat beast
    91 | D        | Noticed a meat beast
    92 | D        | Killed The Captor
    92 | D        | Noticed a meat beast
    94 | D        | Noticed a large bag of meat
    94 | D        | Noticed an accursed
    94 | D        | Noticed a large bag of meat
    94 | D        | Noticed a meat beast
    95 | D        | Killed a meat beast
    96 | D        | Noticed a meat beast
    96 | D        | Noticed a tyrant
    96 | D        | Noticed a dread
    96 | D        | Noticed a meat beast
    96 | D        | Noticed a tyrant
    97 | D        | Killed a destroyer
    97 | D        | Noticed an accursed
    98 | D        | Killed a meat beast
    98 | D        | Noticed a tyrant
    98 | D        | Noticed a dread
    99 | D        | Noticed a large bag of meat
   100 | D        | Killed a meat beast
   100 | D        | Noticed an accursed
   100 | D        | Noticed a destroyer
   101 | D        | Killed a meat beast
   101 | D        | Noticed a dread
   102 | D        | Killed an accursed
   102 | D        | Killed a meat beast
   102 | D        | Noticed a dread
   102 | D        | Noticed an accursed
   102 | D        | Noticed a large bag of meat
   103 | D        | Noticed a meat beast
   103 | D        | Killed a meat beast
   103 | D        | Killed a destroyer
   105 | D        | Noticed a meat beast
   105 | D        | Noticed a tyrant
   106 | D        | Killed a meat beast
   106 | D        | Noticed a meat beast
   107 | D        | Noticed an accursed
   107 | D        | Noticed an accursed
   108 | D        | Killed a tyrant
   108 | D        | Killed a large bag of meat
   109 | D        | Killed a dread
   109 | D        | Killed a tyrant
   110 | D        | Killed a large bag of meat
   111 | D        | Killed a dread
   111 | D        | Noticed a tyrant
   112 | D        | Killed a tyrant
   112 | D        | Noticed a tyrant
   112 | D        | Noticed a large bag of meat
   114 | D        | Noticed a destroyer
   114 | D        | Killed a meat beast
   114 | D        | Noticed a tyrant
   115 | D        | Noticed a tyrant
   115 | D        | Noticed The Defiler
   117 | D        | Killed a tyrant
   118 | D        | Noticed a meat beast
   118 | D        | Noticed a dread
   118 | D        | Noticed an accursed
   119 | D        | Noticed a meat beast
   119 | D        | Noticed a large bag of meat
   120 | D        | Killed a meat beast
   120 | D        | Killed an accursed
   121 | D        | HP: 12/249 [accursed/divine providence (7)]
   121 | D        | HP: 2/249 [accursed/divine providence (10)]
   121 | D        | Killed from afar by an accursed

Skill      XL: |  1  2  3  4  5  6  7  8  9 10 11 12 13 14 15 16 17 18 19 20 21 22 |
---------------+-------------------------------------------------------------------+-----
Fighting       | 16 19 22 23 25 27 | 27.0
Axes           | 15 18 20 22 23 26 27 | 27.0
Throwing       | 15 18 20 22 23 26 27 | 27.0
Dodging        | 15 18 20 22 23 26 27 | 27.0
Armour         | 10 18 21 25 27 | 27.0
Stealth        | 11 19 23 27 | 27.0
Unarmed Combat | 10 18 21 25 27 | 27.0
Spellcasting   | 10 18 21 25 27 | 27.0
Invocations    | 14 24 27 | 27.0

Action                   |  1- 3 |  4- 6 |  7- 9 | 10-12 | 13-15 | 16-18 | 19-21 | 22-24 | 25-27 || total
-------------------------+-------+-------+-------+-------+-------+-------+-------+-------+-------++-------
Melee: Executioner's axe |     1 |       |       |       |     3 |     4 |     8 |    11 |    73 ||   100
  Use: Potion            |       |       |       |       |       |       |       |       |     1 ||     1
 Stab: Distracted        |       |       |       |       |       |       |       |       |     1 ||     1
Armor: Leather armour    |       |       |       |       |       |       |       |       |     1 ||     1
Dodge: Dodged            |       |       |       |       |       |     5 |     1 |     1 |     6 ||    13
